 Dungeon Crawl Stone Soup version 0.21-a0-525-ga34b322 (webtiles) character file.

3257 slep the Cleaver (level 10, 0/56 HPs)
             Began as a Vine Stalker Gladiator on Dec 8, 2017.
             Was a Priest of Okawaru.
             Slain by a wolf (4 damage)
             ... led by Grum
             ... on level 8 of the Dungeon.
             The game lasted 00:29:19 (5886 turns).

slep the Cleaver (Vine Stalker Gladiator)           Turns: 5886, Time: 00:29:20

Health: 0/56       AC:  7    Str: 26    XL:     10   Next: 0%
Magic:  0/11       EV: 14    Int: 13    God:    Okawaru [***...]
Gold:   381        SH:  7    Dex: 17    Spells: 9/9 levels left

rFire    . . .     SeeInvis .   G - +2 war axe (drain)
rCold    . . .     Gourm    .   n - +0 buckler
rNeg     . . .     Faith    .   b - +0 leather armour
rPois    +         Spirit   +   c - +0 helmet
rElec    .         Reflect  +   x - scarf {repulsion}
rCorr    .         Harm     .   D - +0 pair of gloves
MR       ++...     Clarity  +   (no boots)
Stlth    +++++.....             r - +2 amulet of reflection
HPRegen  0.58/turn              H - +4 ring of strength
MPRegen  0.12/turn              U - ring of stealth

@: mighty, brilliant, repel missiles
A: fangs 3, iridescent scales 1, camouflage 1, clarity, magic resistance 1,
poison resistance, regeneration 1, robust 1, weak 1, magic shield, antimagic
bite, no potion heal 3, rot immunity, subdued magic 1
a: Heroism, Renounce Religion


You were on level 8 of the Dungeon.
You worshipped Okawaru.
Okawaru was most pleased with you.
You were not hungry.

You visited 1 branch of the dungeon, and saw 8 of its levels.
You also visited: Sewer.

You collected 381 gold pieces.

Inventory:

Hand Weapons
 a - a +0 war axe
 G - a +2 war axe of draining (weapon)
 N - a +0 blowgun
 R - a +0 spear
Missiles
 d - 4 throwing nets (quivered)
 t - 7 tomahawks
 O - 40 poisoned needles
Armour
 b - a +0 leather armour (worn)
 c - a +0 helmet (worn)
 n - a +0 buckler (worn)
 x - a scarf of repulsion (worn)
 D - a +0 pair of gloves (worn)
Jewellery
 r - a +2 amulet of reflection (around neck)
 H - a +4 ring of strength (left hand)
 J - an uncursed ring of fire
 U - a ring of stealth (right hand)
Wands
 u - a wand of paralysis (13)
 y - a wand of clouds (3)
 I - a wand of iceblast (12)
 P - a wand of disintegration (14)
Scrolls
 e - a scroll of random uselessness {unknown}
 g - 5 scrolls of remove curse {unknown}
 h - 3 scrolls of teleportation {unknown}
 j - 11 scrolls of identify {unknown}
 k - 3 scrolls of amnesia {unknown}
 l - 7 scrolls of blinking {unknown}
 o - a scroll of fear {unknown}
 p - 2 scrolls of immolation {unknown}
 q - 4 scrolls of enchant armour {unknown}
 w - a scroll of magic mapping {unknown}
 T - a scroll of enchant weapon {unknown}
Potions
 s - a potion of ambrosia {unknown}
 v - a potion of mutation
 z - a potion of cancellation {unknown}
 A - 8 potions of curing
 B - a potion of agility {unknown}
 C - a potion of lignification {unknown}
 K - 2 potions of brilliance
 L - 2 potions of heal wounds
 M - a potion of might
 S - a potion of flight {unknown}
 V - a potion of haste {unknown}
Books
 E - a book of Minor Magic

   Spells                             Type                      Level
   a - Magic Dart                     Conjuration                  1
   b - Blink                          Translocation                2
   c - Call Imp                       Summoning                    2
   d - Slow                           Hexes                        2
   e - Conjure Flame                  Conjuration/Fire             3
   f - Mephitic Cloud                 Conjuration/Poison/Air       3
Comestibles
 f - 9 bread rations
 i - 6 fruits
 m - 3 royal jellies
 F - 3 meat rations
 Q - a chunk of flesh


   Skills:
 + Level 4.8 Fighting
 + Level 9.1(9.2) Axes
 + Level 1.5(5.9) Polearms
 + Level 2.1 Throwing
 + Level 3.3 Armour
 + Level 4.6 Dodging
 + Level 4.7 Stealth
 + Level 2.5 Shields


You had 9 spell levels left.
You didn't know any spells.

Dungeon Overview and Level Annotations

Branches:
Dungeon (8/15)             Temple (0/1) D:7            Lair (0/6) D:8

Altars:
Elyvilon
Fedhas
Makhleb
Nemelex Xobeh
Okawaru
Ru
Vehumet
Wu Jian
Yredelemnul

Shops:
D:6 %

Annotations:
D:8 Grum


Innate Abilities, Weirdness & Mutations

You have razor-sharp teeth.
Your natural rate of healing is unusually fast.
When hurt, damage is shared between your health and your magic reserves.
Your bite disrupts and absorbs the magic of your enemies.
Potions cannot restore your health.
You are immune to rotting.
You are partially covered in iridescent scales. (AC +2)
Your skin changes colour to match your surroundings (Stealth+).
You possess an exceptional clarity of mind.
You are resistant to hostile enchantments. (MR+)
Your system is resistant to poisons. (rPois)
You are robust. (+10% HP)
You are weak. (Str -2)
Your spells are a little easier to cast, but a little less powerful.


Message History

You kill the adder!
Okawaru accepts your kill.
You hit the wolf. You barely miss the bullfrog.
The howler monkey hoots and howls with incredible vigour!
The bullfrog misses you. You block the wolf's attack.
You hear a shout! x2; You hear an angry growl.
A shadow imp comes into view.
You closely miss the wolf. Your bite misses the wolf. You slash the bullfrog!
You kill the bullfrog!
Okawaru accepts your kill.
You have reached level 10!
You miss the wolf. You block the wolf's attack. The wolf closely misses you.
The howler monkey hoots and howls with incredible vigour!
The wolf misses you. The wolf bites you but does no damage. The wolf bites you.
You closely miss the wolf. Your bite misses the wolf. You slash the wolf!
You barely miss the wolf. The wolf bites you. The wolf barely misses you.
The wolf completely misses you. Grum hits you from afar with a glaive!!
* * * LOW HITPOINT WARNING * * *
The wolf bites you.
You die...

#########.####
...## #....#
.P... #....#
..P..# #....#
....P. #....#
......##....#
...P...#....#
......h#h...#
......hh@...#
P..P..th##......
.P..P.gY# ......


>PP5hP.Z# ...... .P....P.# <..... P..PP...# ..... ..P..P..# ..." .P..P..'.
.P.....## You could see Grum, a yak, a crocodile, 4 wolves, 2 howler monkeys, a
shadow imp and a hound skeleton.

Vanquished Creatures
  Prince Ribbit (D:5)
  A spriggan (D:7)
  A porcupine (D:8)
  3 sky beasts
  A black bear (D:8)
  An ogre (D:5)
  4 necrophages (D:8)
  3 big kobolds (Sewer)
  5 bullfrogs
  3 scorpions
  8 electric eels (D:7)
  A howler monkey (D:4)
  2 crimson imps (D:6)
  2 bullfrog skeletons
  7 orc priests
  A centaur zombie (D:8)
  3 iguanas
  4 orc wizards
  4 worker ants
  A hound skeleton (D:8)
  4 gnolls (D:5)
  15 adders
  A shadow imp (D:5)
  A white imp (D:6)
  2 oozes (Sewer)
  An adder skeleton (D:5)
  4 worms
  2 dart slugs
  4 leopard geckos
  15 orcs
  A ball python (Sewer)
  9 bats
  8 giant cockroaches
  12 goblins
  3 hobgoblins
  10 jackals
  A quokka (D:6)
  9 frilled lizards
  A jackal zombie (D:8)
  15 kobolds
  A leopard gecko zombie (D:8)
  14 rats
  A spectral orc (D:4)
  4 bushes
  A plant (D:2)
195 creatures vanquished.

Vanquished Creatures (others)
  42 fungi (D:8)
  18 plants (D:8)
60 creatures vanquished.

Grand Total: 255 creatures vanquished

Notes
Turn   | Place    | Note
-------+----------+-------------------------------------------
     0 | D:1      | slep the Vine Stalker Gladiator began the quest for the Orb.
     0 | D:1      | Reached XP level 1. HP: 11/11 MP: 2/2
    90 | D:1      | Reached XP level 2. HP: 12/15 MP: 3/3
   398 | D:1      | Reached skill level 3 in Axes
   415 | D:1      | Reached XP level 3. HP: 16/18 MP: 4/4
   828 | D:2      | Gained mutation: Your natural rate of healing is unusually fast. [Vine Stalker growth]
   828 | D:2      | Reached XP level 4. HP: 12/23 MP: 3/5
   873 | D:2      | Found a sparkling altar of Nemelex Xobeh.
  1082 | D:2      | Reached skill level 1 in Armour
  1126 | D:3      | Reached skill level 4 in Axes
  1126 | D:3      | Reached XP level 5. HP: 23/26 MP: 6/6
  1132 | D:3      | HP: 1/26 [orc priest/short sword (2)]
  1273 | D:3      | Found a sacrificial altar of Ru.
  1361 | D:3      | Reached XP level 6. HP: 30/30 MP: 7/7
  1924 | D:4      | Reached skill level 5 in Axes
  1924 | D:4      | Reached skill level 1 in Stealth
  1998 | D:4      | Found a basalt altar of Yredelemnul.
  2196 | D:4      | Found a radiant altar of Vehumet.
  2229 | D:4      | Reached XP level 7. HP: 25/35 MP: 8/8
  2302 | D:5      | Entered Level 5 of the Dungeon
  2369 | D:5      | Found an iron altar of Okawaru.
  2380 | D:5      | Became a worshipper of Warmaster Okawaru
  2407 | D:5      | Reached skill level 1 in Shields
  2493 | D:5      | Noticed Prince Ribbit
  2742 | D:6      | Reached skill level 6 in Axes
  2770 | D:6      | Reached * piety under Okawaru
  2770 | D:6      | Gained mutation: You have razor-sharp teeth. [Vine Stalker growth]
  2770 | D:6      | Reached XP level 8. HP: 36/40 MP: 7/9
  2774 | D:6      | Gained mutation: You are weak. (Str -2) [mutagenic meat]
  2775 | D:6      | Gained mutation: You are resistant to hostile enchantments. (MR+) [mutagenic meat]
  2776 | D:6      | Gained mutation: You are partially covered in iridescent scales. (AC +2) [mutagenic meat]
  2781 | D:6      | Gained mutation: You evolve. [mutagenic meat]
  2911 | D:6      | Found Qisaa's Food Shop.
  2953 | D:6      | Found a burning altar of Makhleb.
  3041 | D:6      | Found a glowing drain.
  3055 | Sewer    | Entered a sewer
  3566 | D:6      | Found an ornate altar of the Wu Jian Council.
  3566 | D:6      | Found a white marble altar of Elyvilon.
  3921 | D:5      | Killed Prince Ribbit
  3921 | D:5      | Reached skill level 7 in Axes
  4245 | D:5      | Gained mutation: You are robust. (+10% HP) [evolution]
  4788 | D:7      | Reached XP level 9. HP: 20/49 MP: 3/10
  4879 | D:7      | Reached ** piety under Okawaru
  4879 | D:7      | Reached skill level 1 in Polearms
  5083 | D:7      | Found a staircase to the Ecumenical Temple.
  5299 | D:7      | Reached skill level 8 in Axes
  5638 | D:8      | Found a blossoming altar of Fedhas.
  5694 | D:8      | Reached *** piety under Okawaru
  5837 | D:8      | Reached skill level 9 in Axes
  5844 | D:8      | Lost mutation: You are robust. (+10% HP) [mutagenic meat]
  5845 | D:8      | Gained mutation: Your skin changes colour to match your surroundings (Stealth+). [mutagenic meat]
  5846 | D:8      | Gained mutation: You are very weak. (Str -4) [mutagenic meat]
  5847 | D:8      | Gained mutation: Your spells are a little easier to cast, but a little less powerful. [mutagenic meat]
  5871 | D:8      | Found a staircase to the Lair.
  5872 | D:8      | Noticed Grum
  5879 | D:8      | Lost mutation: You are very weak. (Str -4) [potion of mutation]
  5879 | D:8      | Lost mutation: You evolve. [potion of mutation]
  5879 | D:8      | Gained mutation: Your system is resistant to poisons. (rPois) [potion of mutation]
  5879 | D:8      | Gained mutation: You are robust. (+10% HP) [potion of mutation]
  5879 | D:8      | Gained mutation: You possess an exceptional clarity of mind. [potion of mutation]
  5885 | D:8      | Reached XP level 10. HP: 27/56 MP: 7/11
  5886 | D:8      | Slain by a wolf

Vault maps used:
D:1:      minmay_arrival_jagged, moated_statue
D:2:      overflow_temple_1_default, serial_forest, infiniplex_forest_end_2,
          infiniplex_forest_straight_2, infiniplex_forest_straight_3,
          infiniplex_forest_clump_small, infiniplex_forest_zigzag_1,
          infiniplex_forest_straight_2, infiniplex_forest_corner_2,
          infiniplex_forest_lined_room_2, minmay_misc_feat_hallway,
          hangedman_decor_points
D:3:      serial_glass, glass_columns_b, glass_columns_b,
          nicolae_ru_great_annihilating_truth
D:4:      lemuel_round_altar, yredelemnul_forgotten_temple_becter, first_bread
D:5:      kennysheep_okawaru_gauntlet, hangedman_glass_teeth,
          uniq_prince_ribbit1
D:6:      lightli_temple_of_fire, gammafunk_temple_overflow_statue,
          serial_shops, shop, cheibrodos_sewer_entry_bend, hangedman_decor_push,
          grunt_ministairs_10, st_stairs_7, minmay_fire_ice_demons
D:7:      wad_lake_hut, minmay_temple_entry_large_hall, the_bakery
D:8:      old_standard_altar, due_lair_maze_entry_diamond,
          fedhas_altar_decomposition, uniq_grum
Sewer:    kennysheep_pipe_town

Skill      XL: |  1  2  3  4  5  6  7  8  9 |
---------------+----------------------------+-----
Throwing       | 2 |  2.1
Axes           | 3 4 5 6 7 9 |  9.1
Fighting       | 2 3 4 |  4.8
Armour         | 1 2 3 |  3.3
Dodging        | 3 4 |  4.6
Stealth        | 1 2 3 4 |  4.7
Shields        | 1 2 |  2.5
Polearms       | 1 |  1.5

Action                   |  1- 3 |  4- 6 |  7- 9 | 10-12 || total
-------------------------+-------+-------+-------+-------++-------
Melee: War axe           |   151 |   147 |   282 |     1 ||   581
       Bite              |    62 |    38 |   107 |       ||   207
       Spear             |       |       |    13 |       ||    13
Evoke: Wand              |       |       |     1 |       ||     1
  Use: Potion            |       |       |     5 |       ||     5
 Stab: Sleeping          |       |     2 |     9 |       ||    11
       Paralysed         |       |     1 |       |       ||     1
       Distracted        |       |     1 |       |       ||     1
  Eat: Chunk             |       |     5 |    22 |       ||    27
Armor: Leather armour    |    27 |    31 |    48 |     1 ||   107
Dodge: Dodged            |    63 |   105 |   185 |     4 ||   357
       Deflected         |       |       |     5 |       ||     5
Block: Buckler           |     5 |    34 |    79 |     1 ||   119
       Reflection        |       |       |     1 |       ||     1

Table legend:
 A = Spawn XP
 B = Non-spawn XP
 C = Spawn XP percentage of total XP
 D = Spawn monster count
 E = Non-spawn monster count
 F = Spawn count percentage of total count
 G = Total turns spent on level
                    A         B        C        D         E        F      G
               +---------+---------+-------+---------+---------+-------+---------
         Total |       0 |    4653 |   0.0 |       0 |     190 |   0.0 |  5886
               +---------+---------+-------+---------+---------+-------+---------
           D:1 |       0 |      35 |   0.0 |       0 |      21 |   0.0 |   529
           D:2 |       0 |     129 |   0.0 |       0 |      26 |   0.0 |   589
           D:3 |       0 |     186 |   0.0 |       0 |      26 |   0.0 |   722
           D:4 |       0 |     332 |   0.0 |       0 |      13 |   0.0 |   462
           D:5 |       0 |     670 |   0.0 |       0 |      24 |   0.0 |   868
           D:6 |       0 |     494 |   0.0 |       0 |      18 |   0.0 |  1134
           D:7 |       0 |    1177 |   0.0 |       0 |      19 |   0.0 |   904
           D:8 |       0 |    1303 |   0.0 |       0 |      19 |   0.0 |   411
         Sewer |       0 |     327 |   0.0 |       0 |      24 |   0.0 |   267
               +---------+---------+-------+---------+---------+-------+---------
